 Dungeon Crawl Stone Soup version 0.28.0-47-ge53b351184 (webtiles) character file.

Game seed: 17836619243697442205

52682 croobank the Slinger (level 14, -2/113 HPs)
             Began as a Gnoll Cinder Acolyte on May 9, 2022.
             Was a High Priest of Ignis.
             Shot with an arrow by Nessos (18 damage)
             ... on level 12 of the Dungeon.
             The game lasted 02:30:42 (27447 turns).

croobank the Slinger (Gnoll Cinder Acolyte)        Turns: 27447, Time: 02:30:42

Health: -2/113     AC: 24    Str: 11    XL:     14   Next: 65%
Magic:  4/27       EV: 12    Int: 20    God:    Ignis [*****.]
Gold:   1159       SH:  0    Dex:  8    Spells: 3/32 levels left

rFire   + + .      SeeInvis .   N - +5 hand axe of the Sun {vorpal, Fly Str-4 Int+3}
rCold   + . .      Faith    .   (no shield)
rNeg    . . .      Spirit   .   R - +3 ring mail {Will+}
rPois   .          Reflect  .   m - +2 helmet
rElec   .          Harm     .   g - +2 cloak
rCorr   .          Rampage  .   t - +1 pair of gloves
Will    +++..                   J - +2 pair of boots
Stlth   +++.......              i - amulet of regeneration
HPRegen 1.08/turn               Y - ring of willpower
MPRegen 0.20/turn               E - ring of protection from fire

@: flying, very slightly contaminated, studying Slings
A: fangs 1, strong nose, distributed training, iridescent scales 1, cold
resistance 1
a: Renounce Religion, Fiery Armour, Foxfire Swarm, Rising Flame


You were on level 12 of the Dungeon.
You worshipped Ignis.
Ignis was extremely pleased with you.
You visited 2 branches of the dungeon, and saw 19 of its levels.
You also visited: Sewer and Ice Cave.

You collected 1209 gold pieces.
You spent 50 gold pieces at shops.

Inventory:

Hand Weapons
 a - a +4 quarterstaff of speed
 b - a +2 hunting sling of chaos
 w - a -1 hand axe of flaming
 y - a +1 falchion of holy wrath
 H - a +0 battleaxe
 I - a +0 long sword of venom
 K - a +2 antimagic demon trident
 N - the +5 hand axe of the Sun (weapon) {vorpal, Fly Str-4 Int+3}
   (You found it on level 4 of the Dungeon)

   It inflicts extra damage upon your enemies.
   Str:       It affects your strength (-4).
   Int:       It affects your intelligence (+3).
   Fly:       It grants you flight.
 O - a +3 dire flail
 P - a +0 vorpal great sword
 T - a +2 falchion of pain
Missiles
 f - 130 sling bullets
 k - 45 poisoned darts
 l - 3 curare-tipped darts
 z - 4 boomerangs
 Q - 5 javelins
Armour
 c - a +0 leather armour
 g - a +2 cloak (worn)
 m - a +2 helmet (worn)
 p - a +0 robe
 s - a +0 plate armour
 t - a +1 pair of gloves (worn)
 J - a +2 pair of boots (worn)
 R - a +3 ring mail of willpower (worn)
 U - +0 acid dragon scales
Magical Staves
 A - a staff of cold
Jewellery
 d - a ring of positive energy
 i - an amulet of regeneration (around neck)
 o - a ring of ice
 E - a ring of protection from fire (right hand)
 X - an amulet of the acrobat
 Y - a ring of willpower (left hand)
Wands
 e - a wand of digging (12)
 h - a wand of polymorph (3)
 G - a wand of paralysis (2)
 S - a wand of flame (2)
 W - a wand of iceblast (9) (quivered)
Scrolls
 j - 2 scrolls of immolation
 v - 2 scrolls of amnesia
 M - a scroll of torment
 V - 4 scrolls of identify
Potions
 n - a potion of magic
 q - a potion of might
 r - 2 potions of cancellation
 u - 4 potions of brilliance
 x - a potion of lignification
 B - a potion of curing
 D - a potion of ambrosia
 L - a potion of flight
 Z - 3 potions of mutation
Miscellaneous
 C - a lightning rod (4/4)
 F - a phantom mirror


   Skills:
 + Level 11.4 Fighting
 + Level 9.4 Short Blades
 + Level 9.4 Long Blades
 + Level 11.4 Axes
 + Level 9.4 Maces & Flails
 + Level 9.4 Polearms
 + Level 9.4 Staves
 + Level 12.4 Slings
 + Level 9.4 Bows
 + Level 9.4 Crossbows
 + Level 9.4 Throwing
 + Level 9.4 Armour
 + Level 9.4 Dodging
 + Level 9.4 Stealth
 + Level 9.4 Shields
 + Level 9.4 Unarmed Combat
 + Level 9.9 Spellcasting
 + Level 7.8 Conjurations
 + Level 7.8 Hexes
 + Level 7.8 Summonings
 + Level 7.8 Necromancy
 + Level 7.8 Translocations
 + Level 7.8 Transmutations
 + Level 9.6 Fire Magic
 + Level 7.8 Ice Magic
 + Level 7.8 Air Magic
 + Level 7.8 Earth Magic
 + Level 7.8 Poison Magic
 + Level 10.2 Invocations
 + Level 9.4 Evocations


You had 3 spell levels left.
You knew the following spells:

 Your Spells              Type           Power      Damage    Failure   Level
a - Scorch                Fire           96%        2d9       1%          2
b - Tukima's Dance        Hex            41%        N/A       1%          3
c - Dazzling Flash        Conj/Hex       82%        N/A       1%          3
d - Frozen Ramparts       Ice            82%        1d10      1%          3
e - Confusing Touch       Hex            41%        N/A       1%          3
f - Hailstorm             Conj/Ice       41%        3d10      5%          4
g - Silence               Hex/Air        20%        N/A       16%         5
h - Flame Wave            Conj/Fire      45%        2d10      3%          4
i - Blink                 Tloc           82%        N/A       1%          2

Your spell library contained the following spells:

 Spells                   Type           Power      Damage    Failure   Level
 Beastly Appendage        Tmut           82%        N/A       1%          1
 Freeze                   Ice            100%       1d11      1%          1
 Sublimation of Blood     Necr           41%        N/A       1%          2
 Wereblood                Tmut           41%        N/A       1%          2
 Ignite Poison            Fire/Tmut/Pois 43%        N/A       1%          3
 Mephitic Cloud           Conj/Pois/Air  41%        N/A       1%          3
 Spider Form              Tmut/Pois      41%        N/A       1%          3
 Animate Dead             Necr           20%        N/A       5%          4
 Passage of Golubria      Tloc           41%        N/A       5%          4
 Agony                    Necr           41%        N/A       16%         5
 Freezing Cloud           Conj/Ice/Air   20%        6-21      16%         5
 Manifold Assault         Tloc           41%        N/A       16%         5
 Yara's Violent Unravell  Hex/Tmut       20%        3d9       16%         5
 Summon Cactus Giant      Summ           20%        N/A       63%         6
 Enfeeble                 Hex            20%        N/A       99%         7
 Haunt                    Necr/Summ      20%        N/A       99%         7
 Storm Form               Tmut/Air       20%        N/A       99%         7
 Summon Hydra             Summ           20%        N/A       99%         7
 Infestation              Necr           20%        N/A       100%        8


Dungeon Overview and Level Annotations

Branches:
Dungeon (13/15)            Temple (0/1) D:7            Lair (6/6) D:9
  Swamp (0/4) Lair:3        Snake (0/4) Lair:2        Slime (0/5) Lair:6
 Vaults (0/5) D:13          Sewer (visited)           IceCv (visited)
    Orc: D:9-12

Altars:
Elyvilon
Gozag
Hepliaklqana
Kikubaaqudgha
Makhleb
Nemelex Xobeh
Ru
Uskayaw
Wu Jian
Zin

Shops:
D:1 *   D:5 *[:*(   D:9 =

Portals:
Hell: Lair:6

Annotations:
D:5 2 transporters
D:12 Kirke, Nessos


Innate Abilities, Weirdness & Mutations

You have very sharp teeth.
Your uncanny sense of smell can sniff out nearby items.
Your experience applies equally to all skills.
You are partially covered in iridescent scales. (AC +2)
Your flesh is cold resistant. (rC+)


Message History

Press: ? - help, Dir - look around, f - activate A wave of flame ripples out!
The flame wave engulfs the troll!
You kill the troll!
The flame wave engulfs the boulder beetle!
The boulder beetle is moderately wounded. (Press . to intensify the flame waves.)
You feel very sick.
Nessos shoots an arrow.
The arrow hits you!
* * * LOW HITPOINT WARNING * * *
The arrow burns you.
You are more poisoned.
* * * LOW HITPOINT WARNING * * *
A hog comes into view.
Nessos gestures wildly while chanting.
Nessos blinks!
The wall freezes the boulder beetle!
The boulder beetle barely misses you.
Kirke, Weaver of Myths comes into view.
You feel better.
Nessos shoots an arrow.
The arrow hits you!!
* * * LOW HITPOINT WARNING * * *
The arrow burns you.
You are lethally poisoned!
* * * LOW HITPOINT WARNING * * *
Nessos shoots an arrow.
The arrow misses you.
The wall freezes the boulder beetle.
The boulder beetle bites you.
* * * LOW HITPOINT WARNING * * *
A hog comes into view.
You feel better.
Nessos shoots an arrow.
The arrow misses you.
Nessos intently looks at you, slowly moving their tail.
Nessos shoots an arrow.
The arrow hits you!
* * * LOW HITPOINT WARNING * * *
The arrow burns you.
You are poisoned.
* * * LOW HITPOINT WARNING * * *
Kirke gestures wildly while chanting.
Kirke flickers and vanishes!
Deactivating autopickup; reactivate with Ctrl-A.
The wall freezes the boulder beetle!
The boulder beetle barely misses you.
You feel better.
The frozen ramparts melt away.
Nessos shoots an arrow.
The arrow hits you!!
You die...

..... .
......####### ..=.
............##.....
.............{...>.
..........(.##.....
.........c.........
.........o.........
..........h.#......
......B@#.>.# .###.
......)##........#
.......#.......###
.......##.....$.#
..###.. ##.......#
. ... ####...##
#... #.## ##.. ##


You could see a boulder beetle, Nessos (fast), a hog and an orc.

Vanquished Creatures
  A vault guard (D:13)
  8 hydras
  2 boulder beetles
  A catoblepas (Lair:3)
  3 two-headed ogres
  3 centaur warriors
  A tengu warrior (D:13)
  10 death yaks
  A sixfirhy (Lair:6)
  A wizard (Lair:6)
  Pikel (D:6)
  2 deep elf pyromancers (D:13)
  2 cyclopes
  Maurice (D:12)
  An elephant (Lair:5)
  5 black mambas
  A smoke demon (Lair:6)
  2 orange demons (Lair:6)
  11 cane toads
  6 rime drakes
  2 ice devils (Lair:6)
  A tengu conjurer (D:13)
  A kobold demonologist (D:10)
  7 komodo dragons
  3 polar bears
  A red devil (Lair:6)
  2 trolls
  A tyrant leech (Lair:3)
  A tarantella (shapeshifter) (D:13)
  A meliai zombie (D:10)
  11 blink frogs
  Sigmund (D:2)
  4 water elementals (D:10)
  A shadow (D:10)
  3 wyverns
  44 yaks
  2 basilisks
  A steam dragon (Lair:4)
  3 nagas (Lair:2)
  Edmund (D:6)
  16 water moccasins
  An acid dragon (D:10)
  4 hell hounds
  5 orc warriors
  3 black bears
  A hornet zombie (D:8)
  6 ogres
  18 wolves
  8 centaurs
  2 lemures
  3 phantoms
  7 kobold brigands
  12 bullfrogs
  A gnoll sergeant (D:10)
  3 scorpions
  A wyvern skeleton (D:6)
  8 wights
  A howler monkey (D:6)
  An electric eel (Lair:3)
  A centaur zombie (D:6)
  A bullfrog zombie (D:6)
  2 hounds (D:6)
  A jelly (D:5)
  3 centaur skeletons
  7 orc priests
  3 gnoll shamans
  3 iguanas
  A hell rat (Sewer)
  19 orc wizards
  A hound skeleton (D:4)
  Robin (D:4)
  15 gnolls
  6 adders
  4 river rats
  A shadow imp (D:7)
  3 white imps
  A worm (D:3)
  A dart slug (D:3)
  36 orcs
  8 endoplasms
  3 giant cockroaches
  18 goblins
  19 hobgoblins
  22 kobolds
  2 quokkas
  7 ball pythons
  4 bats
  5 frilled lizards
  A goblin zombie (D:7)
  10 rats
  A butterfly (Lair:4)
465 creatures vanquished.

Vanquished Creatures (collateral kills)
  A naga (Lair:2)
  An ogre (D:9)
  A kobold brigand (D:10)
  A wight (D:8)
  2 gnolls (D:9)
  2 kobolds (D:10)
8 creatures vanquished.

Vanquished Creatures (others)
  A cyclops (D:12)
  16 dancing weapons
  41 fungi
  44 plants
102 creatures vanquished.

Grand Total: 575 creatures vanquished

Notes
Turn   | Place    | Note
-------+----------+-------------------------------------------
     0 | D:1      | croobank the Gnoll Cinder Acolyte began the quest for the
                  | Orb.
     0 | D:1      | Reached XP level 1. HP: 23/23 MP: 4/4
   222 | D:1      | Reached XP level 2. HP: 9/29 MP: 5/5
   225 | D:1      | Learned a level 2 spell: Scorch
   463 | D:1      | Found Cyfech's General Store.
   868 | D:1      | Reached XP level 3. HP: 33/35 MP: 4/7
   938 | D:1      | Found a faded altar of an unknown god.
  1484 | D:2      | Reached skill level 1 in Invocations
  1566 | D:2      | Learned a level 3 spell: Tukima's Dance
  1733 | D:2      | Noticed Sigmund
  1739 | D:3      | Noticed a phantom
  1747 | D:3      | Killed a phantom
  1748 | D:3      | Reached skill level 1 in Short Blades
  1748 | D:3      | Reached skill level 1 in Long Blades
  1748 | D:3      | Reached skill level 1 in Maces & Flails
  1748 | D:3      | Reached skill level 1 in Polearms
  1748 | D:3      | Reached skill level 1 in Staves
  1748 | D:3      | Reached skill level 1 in Slings
  1748 | D:3      | Reached skill level 1 in Bows
  1748 | D:3      | Reached skill level 1 in Crossbows
  1748 | D:3      | Reached skill level 1 in Throwing
  1748 | D:3      | Reached skill level 1 in Armour
  1748 | D:3      | Reached skill level 1 in Dodging
  1748 | D:3      | Reached skill level 1 in Stealth
  1748 | D:3      | Reached skill level 1 in Shields
  1748 | D:3      | Reached skill level 1 in Unarmed Combat
  1748 | D:3      | Reached skill level 1 in Conjurations
  1748 | D:3      | Reached skill level 1 in Hexes
  1748 | D:3      | Reached skill level 1 in Summonings
  1748 | D:3      | Reached skill level 1 in Necromancy
  1748 | D:3      | Reached skill level 1 in Translocations
  1748 | D:3      | Reached skill level 1 in Transmutations
  1748 | D:3      | Reached skill level 1 in Ice Magic
  1748 | D:3      | Reached skill level 1 in Air Magic
  1748 | D:3      | Reached skill level 1 in Earth Magic
  1748 | D:3      | Reached skill level 1 in Poison Magic
  1748 | D:3      | Reached skill level 1 in Evocations
  1748 | D:3      | Reached XP level 4. HP: 38/41 MP: 0/8
  1748 | D:3      | Reached XP level 5. HP: 44/47 MP: 0/9
  2043 | D:3      | Found an opulent altar of Gozag.
  2242 | D:3      | Found a glowing drain.
  2258 | Sewer    | Entered a sewer
  2279 | Sewer    | Gained mutation: Your flesh is cold resistant. (rC+)
                  | [potion of mutation]
  2279 | Sewer    | Gained mutation: You are dopey. (Int -2) [potion of
                  | mutation]
  2279 | Sewer    | Lost mutation: You are dopey. (Int -2) [potion of mutation]
  2279 | Sewer    | Gained mutation: You are partially covered in iridescent
                  | scales. (AC +2) [potion of mutation]
  2566 | Sewer    | Reached XP level 6. HP: 53/53 MP: 5/11
  2819 | D:3      | Reached skill level 2 in Slings
  3193 | D:4      | Noticed Robin
  3229 | D:4      | Killed Robin
  3678 | D:4      | Identified the +5 hand axe of the Sun {vorpal, Fly Str-4
                  | Int+3}
  3861 | D:4      | Reached XP level 7. HP: 59/59 MP: 12/12
  4135 | D:4      | Found a white marble altar of Elyvilon.
  4545 | D:2      | Killed Sigmund
  4987 | D:5      | Entered Level 5 of the Dungeon
  4987 | D:5      | Found Mieceps's Assorted Antiques.
  5021 | D:5      | Found Cuemmol's Weapon Boutique.
  5175 | D:5      | Reached XP level 8. HP: 53/67 MP: 8/14
  5287 | D:5      | Found Kiqaning's Antique Armour Shoppe.
  5307 | D:5      | Found Eschivomi's Book Boutique.
  5321 | D:5      | Reached skill level 3 in Slings
  5385 | D:5      | Found a transporter.
  5385 | D:5      | Found a transporter.
  5400 | D:5      | Found a hide-covered altar of Uskayaw.
  5400 | D:5      | Found a hazy altar of Hepliaklqana.
  5400 | D:5      | Found a sparkling altar of Nemelex Xobeh.
  5455 | D:5      | Found Pinuleas's Assorted Antiques.
  5709 | D:5      | Bought a scroll of identify for 50 gold pieces
  5972 | D:6      | Noticed Edmund
  5979 | D:6      | Killed Edmund
  6165 | D:6      | Noticed a yak
  6170 | D:6      | Noticed a two-headed ogre
  6179 | D:6      | Killed a yak
  6180 | D:6      | Reached XP level 9. HP: 71/72 MP: 0/16
  6184 | D:6      | Killed a two-headed ogre
  6185 | D:6      | Reached skill level 4 in Slings
  6185 | D:6      | Reached skill level 5 in Spellcasting
  6895 | D:6      | Noticed Pikel
  6939 | D:6      | Killed Pikel
  6940 | D:6      | Reached skill level 5 in Slings
  6940 | D:6      | Reached skill level 5 in Invocations
  7601 | D:7      | Reached XP level 10. HP: 80/80 MP: 11/18
  7627 | D:7      | Found a staircase to the Ecumenical Temple.
  7649 | D:7      | Learned a level 3 spell: Dazzling Flash
  8117 | D:7      | Reached skill level 5 in Short Blades
  8117 | D:7      | Reached skill level 5 in Long Blades
  8117 | D:7      | Reached skill level 5 in Maces & Flails
  8117 | D:7      | Reached skill level 5 in Polearms
  8117 | D:7      | Reached skill level 5 in Staves
  8117 | D:7      | Reached skill level 5 in Bows
  8117 | D:7      | Reached skill level 5 in Crossbows
  8117 | D:7      | Reached skill level 5 in Throwing
  8117 | D:7      | Reached skill level 5 in Armour
  8117 | D:7      | Reached skill level 5 in Dodging
  8117 | D:7      | Reached skill level 5 in Stealth
  8117 | D:7      | Reached skill level 5 in Shields
  8117 | D:7      | Reached skill level 5 in Unarmed Combat
  8117 | D:7      | Reached skill level 5 in Evocations
  8165 | D:7      | Identified the +3 leather armour "Xulom" {rC+++ MP-9 Int-3
                  | Dex+5}
  8788 | D:8      | Noticed a cyclops
  8795 | D:8      | Killed a cyclops
  8888 | D:8      | Reached skill level 6 in Slings
  8969 | D:8      | Learned a level 3 spell: Frozen Ramparts
  8973 | D:8      | Learned a level 3 spell: Confusing Touch
  8978 | D:8      | Learned a level 4 spell: Hailstorm
 10174 | D:9      | Found a glowing silver altar of Zin.
 10174 | D:9      | Found an ornate altar of the Wu Jian Council.
 10261 | D:9      | Found Otodd's Jewellery Shop.
 11458 | D:9      | Reached skill level 7 in Slings
 11607 | D:9      | Reached XP level 11. HP: 81/87 MP: 14/20
 11819 | D:9      | Found a sacrificial altar of Ru.
 11877 | D:9      | Found a staircase to the Lair.
 11906 | D:10     | Entered Level 10 of the Dungeon
 12119 | D:10     | Learned a level 5 spell: Silence
 12133 | D:10     | Noticed a centaur warrior
 12135 | D:10     | Noticed a cyclops
 12141 | D:10     | Noticed a centaur warrior
 12187 | D:10     | Killed a cyclops
 12190 | D:10     | Killed a centaur warrior
 12191 | D:10     | Reached skill level 5 in Conjurations
 12191 | D:10     | Reached skill level 5 in Hexes
 12191 | D:10     | Reached skill level 5 in Summonings
 12191 | D:10     | Reached skill level 5 in Necromancy
 12191 | D:10     | Reached skill level 5 in Translocations
 12191 | D:10     | Reached skill level 5 in Transmutations
 12191 | D:10     | Reached skill level 5 in Ice Magic
 12191 | D:10     | Reached skill level 5 in Air Magic
 12191 | D:10     | Reached skill level 5 in Earth Magic
 12191 | D:10     | Reached skill level 5 in Poison Magic
 12561 | D:10     | Noticed a two-headed ogre
 13033 | Lair:1   | Entered Level 1 of the Lair of Beasts
 14163 | Lair:1   | Reached skill level 8 in Slings
 14641 | Lair:2   | Noticed a six-headed hydra
 14655 | Lair:2   | Killed a six-headed hydra
 15612 | Lair:2   | Identified the +0 robe "Pusykh Iper" {+Blink rN+}
 15637 | Lair:2   | Reached XP level 12. HP: 94/96 MP: 11/23
 15815 | Lair:2   | Found a staircase to the Snake Pit.
 16343 | Lair:2   | Reached skill level 9 in Slings
 16430 | Lair:3   | Noticed a boulder beetle
 16450 | Lair:3   | Found a frozen archway.
 16493 | Lair:3   | Noticed a catoblepas
 16495 | IceCv    | Entered an ice cave
 16579 | IceCv    | Noticed a death yak
 16582 | IceCv    | Noticed a death yak
 16619 | Lair:3   | Killed a death yak
 16700 | Lair:3   | Killed a catoblepas
 16859 | Lair:3   | Killed a boulder beetle
 17181 | Lair:3   | Noticed a seven-headed hydra
 17218 | Lair:3   | Reached skill level 10 in Fighting
 17218 | Lair:3   | Reached skill level 10 in Axes
 17225 | Lair:3   | Killed a seven-headed hydra
 17405 | Lair:3   | Noticed a seven-headed hydra
 17418 | Lair:3   | Killed a seven-headed hydra
 17418 | Lair:3   | Noticed a six-headed hydra
 17441 | Lair:3   | Killed a six-headed hydra
 17442 | Lair:3   | Reached skill level 10 in Slings
 17930 | Lair:3   | Found a staircase to the Swamp.
 18491 | Lair:4   | Reached XP level 13. HP: 103/103 MP: 25/25
 20789 | Lair:6   | Entered Level 6 of the Lair of Beasts
 21043 | Lair:6   | Learned a level 4 spell: Flame Wave
 21046 | Lair:6   | Learned a level 2 spell: Blink
 21240 | Lair:6   | Reached skill level 11 in Slings
 23021 | Lair:6   | Found a burning altar of Makhleb.
 23038 | Lair:6   | Reached XP level 14. HP: 67/113 MP: 4/27
 23212 | Lair:6   | Found a staircase to the Slime Pits.
 25203 | Lair:6   | Found a gateway to Hell.
 25614 | D:10     | Reached skill level 12 in Slings
 25822 | D:10     | Reached skill level 10 in Invocations
 26458 | D:10     | Found an ancient bone altar of Kikubaaqudgha.
 27053 | D:11     | You are sucked into a shaft and drop 2 floors!
 27209 | D:13     | Found a gate to the Vaults.
 27428 | D:12     | Noticed Maurice
 27432 | D:12     | Noticed Nessos
 27439 | D:12     | Killed Maurice
 27444 | D:12     | Noticed Kirke
 27445 | D:12     | HP: 4/113 [boulder beetle (5)]
 27447 | D:12     | Shot with an arrow by Nessos

Illustrated notes

Levels and vault maps discovered:
D:1:      wander_arrival_desolate, layout_basic, serial_shops,
          nicolae_diamond_shop, shapermc_ecumenical_altar_acropolis
D:2:      minmay_chambers_of_ones, layout_basic, minmay_goblin_outpost,
          uniq_sigmund
D:3:      layout_loops_ring, grunt_gozag_breadcrumbs, portal_sewer_entry_b
D:4:      layout_loops_cross, lemuel_doored_altar, kennysheep_another_room,
          grunt_ministairs_14, uniq_robin
D:5:      layout_rooms, gammafunk_temple_overflow_arena, serial_shops,
          nicolae_diamond_shop, shop, nicolae_lakefront_shop, shop,
          nicolae_shop_bloodbath_and_beyond
D:6:      layout_basic, minmay_manual_mandibuliform, uniq_pikel, uniq_edmund
D:7:      wad_pebble_path, layout_cave_pools, minmay_temple_entry_ruins,
          enter_ossuary_3
D:8:      minmay_flawed_box, layout_loops_ring, dk_noncrumbling_3,
          minmay_hedge_maze
D:9:      kennysheep_seaside_town, layout_irregular_city,
          lemuel_coloured_pillars_altar,
          chequers_temple_overflow_statue_of_worship, lair_entry_dummy,
          serial_shops, shop
D:10:     hangedman_cross_stitches, layout_grid_maze, general_overflow_altar,
          minivault_22, nicolae_underground_beach
D:11:     layout_loops_corners, gammafunk_ghost_hydra_chop
D:12:     layout_cave_pools, erik_orc_4, special_room [special_room_orc],
          serial_shops, nicolae_shop_window_shopping, minmay_unpleasant_kobolds,
          uniq_nessos, uniq_frances, uniq_kirke, uniq_rupert, uniq_maurice
D:13:     layout_rooms, david_vaults_5, serial_shops, shop_statue
Lair:1:   layout_cave_pods
Lair:2:   layout_big_grid, minmay_snake_entry_guardpost_small
Lair:3:   layout_gridlike, palyth_hydra_swamp_entry,
          portal_ice_cave_entry_pillars_1, serial_bayou_shore_b,
          serial_bayou_shore_a, infiniplex_staircase_pool
Lair:4:   cheibrodos_lair_river_kwai, layout_long_grid, serial_bayou_shore_b,
          lemuel_fruit_fields
Lair:5:   layout_small_grid, serial_rivers, chequers_serial_rivers_micro_a,
          chequers_serial_rivers_micro_c, chequers_serial_rivers_small_a,
          chequers_serial_rivers_small_a, chequers_serial_rivers_large_b,
          grunt_megastairs_5
Lair:6:   evil_forest, layout_regular_city, slime_dummy

Skill      XL: |  1  2  3  4  5  6  7  8  9 10 11 12 13 14 |
---------------+-------------------------------------------+-----
Invocations    | 1 2 3 4 5 6 7 8 9 10 | 10.2
Short Blades   | 1 2 3 4 5 6 7 8 9 |  9.4
Long Blades    | 1 2 3 4 5 6 7 8 9 |  9.4
Maces & Flails | 1 2 3 4 5 6 7 8 9 |  9.4
Polearms       | 1 2 3 4 5 6 7 8 9 |  9.4
Staves         | 1 2 3 4 5 6 7 8 9 |  9.4
Slings         | 1 2 3 5 7 8 10 11 12 | 12.4
Bows           | 1 2 3 4 5 6 7 8 9 |  9.4
Crossbows      | 1 2 3 4 5 6 7 8 9 |  9.4
Throwing       | 1 2 3 4 5 6 7 8 9 |  9.4
Armour         | 1 2 3 4 5 6 7 8 9 |  9.4
Dodging        | 1 2 3 4 5 6 7 8 9 |  9.4
Stealth        | 1 2 3 4 5 6 7 8 9 |  9.4
Shields        | 1 2 3 4 5 6 7 8 9 |  9.4
Unarmed Combat | 1 2 3 4 5 6 7 8 9 |  9.4
Spellcasting   | 3 4 5 6 7 8 9 |  9.9
Conjurations   | 1 2 3 4 5 6 7 |  7.8
Hexes          | 1 2 3 4 5 6 7 |  7.8
Summonings     | 1 2 3 4 5 6 7 |  7.8
Necromancy     | 1 2 3 4 5 6 7 |  7.8
Translocations | 1 2 3 4 5 6 7 |  7.8
Transmutations | 1 2 3 4 5 6 7 |  7.8
Ice Magic      | 1 2 3 4 5 6 7 |  7.8
Air Magic      | 1 2 3 4 5 6 7 |  7.8
Earth Magic    | 1 2 3 4 5 6 7 |  7.8
Poison Magic   | 1 2 3 4 5 6 7 |  7.8
Evocations     | 1 2 3 4 5 6 7 8 9 |  9.4
Fighting       | 7 8 9 10 11 | 11.4
Axes           | 7 8 9 10 11 | 11.4
Fire Magic     | 6 7 8 9 |  9.6

Action                   |  1- 3 |  4- 6 |  7- 9 | 10-12 | 13-15 || total
-------------------------+-------+-------+-------+-------+-------++-------
Melee: Hand axe          |    43 |    50 |    74 |   211 |    64 ||   442
       Bite              |     3 |    10 |     6 |    48 |    49 ||   116
       Whip              |    10 |    76 |       |       |       ||    86
       Punch             |     1 |     3 |     1 |    10 |     5 ||    20
       Quarterstaff      |       |       |       |   159 |   246 ||   405
 Fire: Hunting sling     |       |     8 |       |    51 |       ||    59
Throw: Boomerang         |       |       |     3 |     2 |       ||     5
       Dart              |       |       |       |     6 |       ||     6
 Cast: Scorch            |    31 |    46 |   100 |   220 |   273 ||   670
       Tukima's Dance    |       |       |       |    49 |     7 ||    56
       Dazzling Flash    |       |       |       |    11 |     1 ||    12
       Frozen Ramparts   |       |       |       |    21 |    47 ||    68
       Confusing Touch   |       |       |       |     9 |    13 ||    22
       Hailstorm         |       |       |       |     3 |     1 ||     4
       Flame Wave        |       |       |       |       |    22 ||    22
       Blink             |       |       |       |       |     1 ||     1
       Silence           |       |       |       |       |     1 ||     1
Invok: Fiery Armour      |       |       |       |     2 |       ||     2
Evoke: Wand              |       |       |     6 |    29 |     7 ||    42
  Use: Scroll            |     4 |     4 |     9 |    14 |    10 ||    41
       Potion            |       |     3 |       |     7 |     5 ||    15
 Stab: Sleeping          |       |     1 |       |     1 |       ||     2
       Paralysed         |       |       |     9 |     3 |     7 ||    19
       Invisible         |       |       |       |     5 |       ||     5
       Confused          |       |       |       |     2 |     3 ||     5
       Petrifying        |       |       |       |     1 |       ||     1
Armor: Robe              |    10 |    62 |    49 |   161 |       ||   282
       Ring mail         |       |       |       |    58 |   346 ||   404
Dodge: Dodged            |    24 |    85 |    71 |   278 |   271 ||   729
